 Dungeon Crawl Stone Soup version 0.27.1-34-g3ba077fa99 (webtiles) character file.

Game seed: 7226772178485242402

357 Delamore the Covert (level 6, 0/39 HPs)
             Began as an Octopode Brigand on Feb 2, 2022.
             Slain by a kobold brigand (6 damage)
             ... in a sewer.
             The game lasted 00:04:24 (4934 turns).

Delamore the Covert (Octopode Brigand)              Turns: 4934, Time: 00:04:24

Health: 0/39       AC:  1    Str: 10    XL:     6   Next: 64%
Magic:  0/6        EV: 12    Int: 20    God:
Gold:   111        SH:  0    Dex: 15    Spells: 5/5 levels left

rFire    . . .     SeeInvis .   a - +2 dagger (freeze)
rCold    . . .     Faith    .   (no shield)
rNeg     . . .     Spirit   +   (helmet restricted)
rPois    .         Reflect  .   l - amulet of guardian spirit
rElec    .         Harm     .   j - +6 ring of intelligence
rCorr    .         Rampage  .   (no ring)
Will     .....                  (no ring)
Stlth    +++++.....             (no ring)
HPRegen  0.13/turn              (no ring)
MPRegen  0.10/turn              (no ring)
                                (no ring)
                                (no ring)

@: no status effects
A: almost no armour, amphibious, 8 rings, camouflage 1, gelatinous body 1,
(nimble swimmer 1), tentacles
a: no special abilities


You were in a sewer.
You visited 1 branch of the dungeon, and saw 4 of its levels.
You also visited: Sewer.

You collected 111 gold pieces.

Inventory:

Hand Weapons
 a - a +2 dagger of freezing (weapon)
 p - a +1 vampiric dagger
Missiles
 b - 20 poisoned darts (quivered)
 c - 2 curare-tipped darts
 i - 2 boomerangs
Jewellery
 j - a +6 ring of intelligence (left tentacle)
 l - an amulet of guardian spirit (around mantle)
Scrolls
 f - 2 scrolls of teleportation
 h - 3 scrolls of blinking
 k - a scroll of noise
 t - a scroll of identify
Potions
 d - a potion of haste
 e - a potion of lignification {unknown}
 g - 2 potions of flight
 m - 2 potions of resistance {unknown}
 n - a potion of ambrosia {unknown}
 o - 3 potions of heal wounds {unknown}
 q - a potion of might {unknown}
 r - a potion of magic {unknown}
 s - 2 potions of invisibility {unknown}


   Skills:
 - Level 2.0 Fighting
 + Level 4.1 Short Blades
 - Level 2.0 Throwing
 - Level 1.0 Dodging
 * Level 9.4 Stealth


You had 5 spell levels left.
You didn't know any spells.
Your spell library was empty.

Dungeon Overview and Level Annotations

Branches:
Dungeon (4/15)              Sewer (1/1)
 Temple: D:4-7

Altars:


Innate Abilities, Weirdness & Mutations

You cannot wear most types of armour.
You are amphibious.
You can wear up to eight rings at the same time.
Your skin changes colour to match your surroundings (Stealth+).
Your rubbery body absorbs attacks. (AC +1, EV +1)
((You are camouflaged near water. (Stealth+)))
You have tentacles for arms and can constrict up to eight enemies at once.


Message History

You kill the kobold!
You hit the kobold. You freeze the kobold.
You kill the kobold!
You swing at nothing.
You hit the kobold. You freeze the kobold.
You kill the kobold!
You hit the kobold but do no damage. You grab the kobold.
You constrict the kobold.
The kobold struggles to escape constriction.
You hit the kobold. You freeze the kobold.
You kill the kobold!
You swing at nothing.
You swing at nothing.
You hit the kobold brigand but do no damage.
You grab the kobold brigand.
The kobold brigand is moderately wounded.
You constrict the kobold brigand.
The kobold brigand hits you with a +0 dagger.
You barely miss the kobold brigand.
The kobold brigand is moderately wounded.
You constrict the kobold brigand.
The kobold brigand hits you with a +0 dagger.
You hit the kobold brigand. You freeze the kobold brigand.
The kobold brigand is heavily wounded.
You constrict the kobold brigand.
You hit the kobold brigand but do no damage.
The kobold brigand is heavily wounded.
You constrict the kobold brigand.
The kobold brigand hits you with a +0 dagger.
* * * LOW HITPOINT WARNING * * *
You hit the kobold brigand. You freeze the kobold brigand.
The kobold brigand is severely wounded.
You constrict the kobold brigand.
The kobold brigand hits you with a +0 dagger!
* * * LOW HITPOINT WARNING * * *
You hit the kobold brigand but do no damage.
The kobold brigand is almost dead.
You constrict the kobold brigand.
The kobold brigand hits you with a +0 dagger.
You die...

#...##≈≈≈≈≈≈....#
#†.##≈≈≈≈≈≈≈....##
##†.##≈≈≈≈≈≈.....†#
#....#≈≈≈≈≈≈≈.....#
##....≈≈≈≈≈≈≈≈≈...†#
#....≈.≈≈≈≈≈≈≈≈...##
#...≈.≈≈≈≈≈≈≈≈≈...#
#....≈≈≈≈≈≈≈≈≈....#
#..@≈≈≈≈≈≈≈≈≈≈...##
###K###≈≈≈≈≈≈###'###
#.....#≈≈≈≈≈≈#..)..#
#.....#≈≈≈≈≈≈#.))..#
##...##≈≈≈≈≈≈##...##
?...!#≈≈≈≈≈≈#.....#
#!!#?[#≈≈≈≈≈≈#..#..#
### ###≈≈≈≈≈≈#######
≈≈≈
≈≈≈≈≈≈≈≈≈≈≈≈≈≈≈≈≈


You could see a kobold brigand.

Vanquished Creatures
  A kobold brigand (Sewer)
  A bullfrog skeleton (D:2)
  9 adders
  4 gnolls (D:2)
  4 river rats (Sewer)
  A dart slug (D:1)
  An orc (D:3)
  5 endoplasms
  6 giant cockroaches
  4 goblins
  6 hobgoblins
  3 jackals (D:2)
  19 kobolds
  3 quokkas
  19 ball pythons
  3 bats (D:2)
  2 frilled lizards
  26 rats
117 creatures vanquished.

Notes
Turn   | Place    | Note
-------+----------+-------------------------------------------
     0 | D:1      | Delamore the Octopode Brigand began the quest for the Orb.
     0 | D:1      | Reached XP level 1. HP: 14/14 MP: 1/1
    92 | D:1      | Found a faded altar of an unknown god.
   248 | D:1      | Reached XP level 2. HP: 19/19 MP: 2/2
   494 | D:1      | Reached skill level 6 in Stealth
   976 | D:1      | Reached XP level 3. HP: 24/24 MP: 3/3
  1280 | D:2      | Reached XP level 4. HP: 29/29 MP: 4/4
  1281 | D:2      | Reached skill level 7 in Stealth
  1807 | D:2      | Reached XP level 5. HP: 19/34 MP: 5/5
  2512 | D:3      | Reached skill level 8 in Stealth
  3712 | D:4      | Found a glowing drain.
  3733 | Sewer    | Entered a sewer
  4002 | Sewer    | Reached XP level 6. HP: 20/39 MP: 4/6
  4275 | Sewer    | Reached skill level 9 in Stealth
  4934 | Sewer    | Slain by a kobold brigand

Illustrated notes

Levels and vault maps discovered:
D:1:      lemuel_arrival_funnel, layout_basic, ebering_ecumenical_altar_rust,
          columned_hall_lemuel
D:2:      layout_basic, minmay_ruptured
D:3:      layout_basic, kennysheep_big_empty_room, chequers_serial_rivers_room_a
D:4:      layout_basic, gup_sewer_entry_glass, kennysheep_dice,
          uniq_crazy_yiuf_cottage
Sewer:    sewer_minmay_treatment

Skill      XL: |  1  2  3  4  5  6 |
---------------+-------------------+-----
Stealth        | 6 7 8 9 |  9.4
Short Blades   | 3 4 |  4.1
Fighting       | |  2.0
Throwing       | |  2.0
Dodging        | |  1.0

Action                   |  1- 3 |  4- 6 || total
-------------------------+-------+-------++-------
Melee: Dagger            |    37 |   178 ||   215
       Constrict         |     6 |    39 ||    45
       Tentacles         |     5 |    28 ||    33
  Use: Scroll            |     1 |    10 ||    11
 Stab: Sleeping          |    14 |    24 ||    38
       Distracted        |     1 |     1 ||     2
Armor: Skin              |       |     8 ||     8
Dodge: Dodged            |     9 |    75 ||    84
